Map: 2000 Atmospheres LE

Players

TradeMarc (uThermal)

  • Race: Terran Terran
  • League: Grandmaster

Lambo - Winner!

  • Race: Zerg Zerg
  • League: Grandmaster

Event: DreamHack SC2 Masters Last Chance 2022

VOD

Have the link to the VOD?

Description

Time

  • Played on: Dec. 17, 2021, 12:35 p.m.
  • Length: 20:03

All games in this series

Show
View Real Time Build Order
Export as new Build Order

TradeMarc Terran 

Build Orders:  

Get SALT Encoding   

  12  0:00  SCV  
  13  0:12  SCV  
  14  0:17  Supply Depot  
  14  0:24  SCV  
  15  0:40  Barracks  
  15  0:50  Barracks  
  15  0:54  SCV  
  16  1:06  SCV  
  16  1:07  Refinery  
  17  1:18  SCV  
  18  1:27  Marine  
  18  1:31  Orbital Command  
  19  1:37  Marine  
  19  1:38  Supply Depot  
  20  1:45  Marine  
  21  1:56  Bunker, Marine  
  22  2:03  Marine  
  22  2:05  Bunker  
  23  2:11  SCV  
  23  2:14  Marine  
  25  2:21  Marine  
  24  2:29  Factory  
  25  2:30  SCV  
  25  2:32  Marine  
  24  2:40  Marine  
  24  2:42  SCV  
  26  2:49  Supply Depot, Marine  
  27  2:54  SCV  
  28  3:06  SCV  
  29  3:14  Starport  
  29  3:17  Factory Reactor  
  29  3:18  SCV  
  30  3:28  Command Center  
  30  3:30  SCV  
  31  3:38  Supply Depot  
  31  3:42  SCV  
  31  3:54  SCV  
  32  3:56  Hellion x2  
  32  3:58  Viking  
  38  4:06  SCV, Refinery  
  39  4:17  Hellion x2  
  39  4:20  Barracks Tech Lab, SCV  
  44  4:33  SCV  
  45  4:39  Liberator  
  45  4:40  Hellion x2  
  45  4:45  SCV  
  53  4:58  Command Center  
  53  5:04  Orbital Command  
  53  5:07  SCV  
  54  5:15  Marine  
  54  5:17  Stimpack  
  54  5:18  Factory Reactor  
  55  5:24  Starport Reactor  
  55  5:27  SCV  
  55  5:28  Barracks  
  56  5:33  SCV, Marine  
  58  5:40  Barracks  
  58  5:41  SCV  
  59  5:45  SCV  
  60  5:51  Marine  
  60  5:53  SCV  
  60  5:54  Engineering Bay  
  62  6:03  Engineering Bay  
  62  6:09  SCV x2  
  62  6:10  Refinery x2  
  65  6:12  Starport Reactor, Orbital Command  
  65  6:13  Marine  
  65  6:17  Marine x2  
  64  6:21  SCV  
  64  6:22  Widow Mine  
  64  6:25  Widow Mine, SCV  
  70  6:31  Marine  
  71  6:34  SCV  
  71  6:35  Marine  
  71  6:37  Missile Turret, SCV  
  71  6:39  SCV  
  75  6:40  Supply Depot  
  75  6:45  Terran Infantry Weapons Level 1  
  75  6:46  Terran Infantry Armor Level 1  
  75  6:48  SCV  
  75  6:49  SCV  
  77  6:57  Supply Depot, Orbital Command  
  77  7:01  Medivac x2, Marine  
  77  7:03  Combat Shield  
  77  7:04  Marine x2  
  85  7:11  Supply Depot  
  85  7:12  SCV x2  
  85  7:17  Marine  
  85  7:18  Missile Turret  
  85  7:19  Widow Mine x2  
  89  7:25  SCV, Marine x2, Orbital Command  
  89  7:26  SCV  
  89  7:28  Supply Depot  
  91  7:31  Medivac  
  91  7:33  Marine  
  93  7:38  Marine x2  
  93  7:39  SCV  
  93  7:40  Widow Mine x2  
  93  7:42  Medivac  
  101  7:49  SCV, Marine  
  103  7:54  Supply Depot, SCV  
  103  7:55  Supply Depot  
  103  7:57  Marine  
  105  7:59  Missile Turret  
  105  8:00  Marine  
  105  8:01  Marine  
  107  8:06  SCV  
  107  8:07  Supply Depot  
  107  8:15  Supply Depot, Missile Turret  
  107  8:17  Armory  
  107  8:18  SCV  
  107  8:19  SCV  
  107  8:27  Medivac  
  107  8:32  SCV  
  107  8:33  Marine x3  
  107  8:34  Marine x2  
  113  8:35  Missile Turret, Widow Mine x2  
  119  8:42  SCV x2  
  119  8:44  SCV  
  119  8:45  Barracks  
  122  8:48  Barracks  
  122  8:51  Marine  
  122  8:52  Marine  
  122  8:53  Missile Turret  
  122  8:54  SCV x2, Marine  
  127  8:56  Widow Mine  
  127  9:00  Supply Depot, SCV, Widow Mine  
  132  9:03  Refinery  
  132  9:04  Marine  
  132  9:05  Supply Depot  
  132  9:08  Terran Infantry Weapons Level 2  
  133  9:12  Terran Infantry Armor Level 2  
  133  9:17  SCV x2  
  133  9:18  Factory  
  133  9:19  SCV  
  133  9:21  Marine x2  
  132  9:24  Bunker  
  132  9:25  Widow Mine x2, Marine x2  
  132  9:28  Marine  
  132  9:29  SCV  
  136  9:31  SCV  
  136  9:32  Terran Vehicle And Ship Armor Level 1  
  136  9:37  Medivac x2  
  140  9:39  Marine x2  
  140  9:41  Supply Depot  
  140  9:43  Barracks Reactor  
  140  9:44  Barracks Reactor  
  141  9:46  Widow Mine x2  
  141  9:48  Marine x2  
  147  9:54  Supply Depot  
  147  10:00  Sensor Tower  
  147  10:01  Command Center  
  147  10:05  Factory Tech Lab  
  147  10:07  Medivac, Marine  
  147  10:08  Supply Depot, Marine x3  
  147  10:10  Supply Depot  
  147  10:13  Widow Mine  
  147  10:14  Widow Mine  
  157  10:22  Marine x2  
  157  10:24  Marine x2  
  159  10:35  Missile Turret, Refinery, Marine, Widow Mine  
  161  10:39  Drilling Claws, Thor  
  161  10:40  Widow Mine, Marine x2  
  172  10:46  Marine x2  
  174  10:50  Supply Depot  
  174  10:52  Marine  
  174  10:54  Marine x2  
  177  10:57  Supply Depot  
  177  10:59  Medivac x2  
  181  11:11  Marine x4  
  181  11:12  Widow Mine, SCV x2  
  181  11:13  SCV  
  190  11:19  Marine x2  
  190  11:24  Thor  
  188  11:33  Marine  
  188  11:34  Missile Turret  
  188  11:35  Marine x5  
  194  11:43  Marine x2  
  194  11:46  Medivac x2  
  169  12:04  Marine x4  
  169  12:06  Widow Mine x2, Marine  
  169  12:07  Planetary Fortress, Thor  
  155  12:09  SCV, Marine x2  
  155  12:13  Terran Infantry Weapons Level 3  
  155  12:15  Terran Infantry Armor Level 3  
  158  12:16  Medivac, SCV  
  158  12:17  SCV  
  158  12:19  Marine  
  158  12:20  Marine  
  158  12:21  Marine  
  165  12:25  Missile Turret  
  165  12:28  Widow Mine x2, SCV  
  165  12:29  Marine x2  
  172  12:30  Marine  
  172  12:31  Marine  
  172  12:33  Marine  
  175  12:47  Marine x2  
  175  12:50  Thor  
  175  12:51  Marine  
  175  12:52  Marine x2  
  175  12:55  Marine  
  175  12:56  Widow Mine x2  
  158  13:09  Marine x2  
  137  13:14  Marine x3  
  137  13:17  Widow Mine, Concussive Shells, Marine x3  
  145  13:20  Barracks x2  
  145  13:22  Command Center, Barracks  
  145  13:23  Sensor Tower  
  145  13:25  Medivac  
  147  13:28  Marine x2  
  147  13:31  Marine x2  
  147  13:33  Thor  
  157  13:34  Marine x2  
  157  13:35  Marine x2  
  157  13:40  Widow Mine x2  
  161  13:42  Marine  
  161  13:45  Medivac  
  161  13:46  Marine x2  
  166  13:49  Marine x2  
  166  13:55  Medivac  
  166  13:57  Marine  
  166  13:58  Marine  
  166  14:01  Missile Turret  
  166  14:02  Widow Mine, Marine x3  
  170  14:09  Marauder, Marine  
  174  14:12  Barracks Tech Lab x3  
  174  14:14  Widow Mine, Marine  
  174  14:15  Medivac, Marine  
  174  14:16  Widow Mine  
  180  14:24  Widow Mine  
  180  14:25  Medivac  
  180  14:27  Terran Vehicle And Ship Armor Level 2  
  180  14:31  Marauder x3  
  186  14:32  Marauder, Marine  
  193  14:45  Thor  
  193  14:48  Marine  
  198  15:00  Planetary Fortress  
  198  15:01  Widow Mine  
  196  15:10  Medivac, Marine  
  194  15:15  Widow Mine  
  194  15:20  Medivac  
  198  15:21  Missile Turret  
  198  15:22  Marine x2  
  198  15:40  Missile Turret  
  198  15:41  Widow Mine  
  200  15:43  Hi-Sec Auto Tracking, Neosteel Armor  
  200  15:55  Missile Turret  
  200  15:59  Widow Mine, Marine  
  200  16:00  Missile Turret  
  200  16:01  Missile Turret  
  137  16:11  Medivac, Marine  
  186  16:12  Marine x5  
  186  16:15  Medivac, Marine x2  
  196  16:19  Widow Mine  
  196  16:22  Widow Mine  
  196  16:25  Marine x2  
  197  16:26  Marauder  
  197  16:28  Thor  
  197  16:29  Marine  
  200  16:38  Marauder, Marine x2  
  200  16:39  Marine x2  
  183  16:40  Widow Mine  
  183  16:41  Marine  
  183  16:42  Marine  
  183  16:44  Marauder  
  191  16:47  Liberator  
  155  17:00  Marauder, Command Center, Marine x3  
  155  17:01  Marauder x2, Liberator, Command Center, Marine  
  157  17:05  Marine x2  
  157  17:06  Marauder  
  164  17:08  Widow Mine  
  164  17:13  Widow Mine, Marine  
  164  17:14  Marine  
  168  17:17  Marine  
  168  17:18  Marine x3  
  168  17:22  Marauder x3  
  170  17:23  Marine x2  
  170  17:26  Widow Mine  
  170  17:27  Marauder  
  155  17:31  Widow Mine, Marine x2  
  155  17:35  Marine x2  
  155  17:36  Marine x2  
  164  17:39  Widow Mine  
  164  17:41  Marine x2  
  164  17:43  Marauder, Medivac, Marine  
  164  17:44  Marauder, Medivac  
  162  17:48  Marine x2  
  162  17:49  Marine  
  165  17:52  Widow Mine  
  165  17:54  Marine  
  165  17:57  Marine  
  169  18:02  Marauder  
  169  18:03  Widow Mine  
  169  18:04  Widow Mine  
  169  18:05  Marauder  
  175  18:10  Marine  
  175  18:11  Marauder, Marine x2  
  180  18:13  Liberator  
  180  18:15  Marauder  
  180  18:19  Widow Mine  
  187  18:23  Marauder  
  187  18:24  Liberator  
  190  18:29  Marine  
  190  18:30  Marauder  
  190  18:32  Marine x2  
  195  18:36  Marauder  
  197  18:46  Marauder, Marine  
  193  18:52  Widow Mine  
  193  18:55  Widow Mine  
  197  18:56  Liberator  
  197  19:06  Marine  
  197  19:07  Marauder  
  177  19:17  Marauder, Marine  
  177  19:23  Marauder x2, Marine x2  
  133  19:32  Widow Mine, Marine x2  
  133  19:37  Widow Mine  
Show
View Real Time Build Order
Export as new Build Order

Lambo Zerg - Winner!

Build Orders: Hatch First 

Get SALT Encoding   

  12  0:00  Drone  
  13  0:12  Overlord  
  13  0:16  Drone  
  14  0:30  Drone x2  
  16  0:47  Hatchery  
  15  0:50  Drone  
  15  0:54  Drone  
  15  0:57  Drone  
  18  1:08  Extractor  
  17  1:11  Spawning Pool  
  17  1:15  Drone  
  17  1:18  Drone  
  18  1:27  Drone  
  19  1:38  Drone  
  20  1:59  Zergling x4, Queen  
  24  2:02  Queen, Spine Crawler  
  24  2:04  Zergling x2  
  26  2:10  Zergling x2  
  27  2:16  Zergling x2  
  25  2:24  Zergling x2  
  25  2:41  Drone  
  25  2:46  Overlord  
  25  2:49  Drone x2  
  27  2:54  Drone  
  28  3:04  Queen  
  29  3:06  Overlord  
  29  3:09  Drone  
  29  3:12  Drone  
  31  3:15  Drone  
  31  3:18  Drone  
  33  3:21  Drone  
  33  3:23  Drone  
  35  3:31  Drone x2  
  37  3:36  Drone x2  
  39  3:45  Drone x4  
  42  3:51  Metabolic Boost  
  42  3:54  Drone x2  
  44  4:00  Extractor, Overlord  
  43  4:04  Overlord  
  43  4:06  Drone  
  44  4:10  Extractor  
  44  4:11  Drone  
  44  4:17  Queen  
  44  4:19  Drone x2  
  44  4:24  Lair  
  48  4:27  Zergling x2, Extractor  
  48  4:29  Zergling x2  
  48  4:30  Drone  
  50  4:31  Drone  
  50  4:36  Overlord  
  50  4:38  Zergling x2  
  52  4:41  Drone  
  52  4:42  Drone x2  
  52  4:43  Drone  
  56  4:52  Overlord  
  56  4:55  Extractor, Overlord  
  55  5:00  Drone  
  55  5:04  Baneling Nest  
  56  5:09  Hatchery  
  56  5:14  Drone x3  
  56  5:15  Drone  
  56  5:17  Zergling x2  
  60  5:24  Spire  
  60  5:25  Zergling x2  
  60  5:26  Drone  
  61  5:29  Overlord  
  61  5:32  Drone x2  
  62  5:44  Drone  
  63  5:58  Extractor  
  61  6:08  Hatchery  
  57  6:19  Zergling x4  
  57  6:20  Drone x2  
  57  6:21  Drone  
  57  6:24  Queen  
  64  6:26  Drone  
  64  6:28  Overlord  
  65  6:37  Mutalisk x9  
  65  6:39  Centrifugal Hooks  
  83  6:51  Drone x4  
  83  6:54  Zerg Flyer Weapons Level 1  
  87  7:02  Baneling x4  
  87  7:03  Baneling x2  
  87  7:04  Zergling x10  
  92  7:10  Overlord  
  92  7:15  Overlord  
  92  7:16  Overlord  
  92  7:21  Overlord  
  92  7:24  Overlord  
  92  7:25  Drone x2  
  94  7:30  Evolution Chamber  
  94  7:31  Drone  
  94  7:33  Drone, Evolution Chamber  
  94  7:36  Drone x6  
  99  7:38  Drone  
  99  7:43  Mutalisk  
  99  7:44  Mutalisk  
  100  7:49  Drone  
  105  7:52  Hatchery, Extractor x2  
  105  7:54  Hatchery  
  105  7:55  Mutalisk x2  
  106  7:58  Zerg Ground Armor Level 1  
  106  8:04  Zerg Melee Weapons Level 1  
  106  8:10  Mutalisk  
  106  8:11  Drone x3  
  106  8:12  Drone x5  
  116  8:18  Drone  
  117  8:25  Mutalisk  
  119  8:30  Pneumatized Carapace  
  119  8:33  Overseer  
  119  8:36  Drone x2  
  119  8:37  Drone x3  
  119  8:40  Zergling x10  
  129  8:42  Baneling x2  
  129  8:47  Overseer  
  129  8:48  Drone x3  
  129  8:49  Drone  
  129  8:51  Mutalisk x2  
  137  9:02  Overlord  
  137  9:03  Overlord x2  
  137  9:05  Overlord  
  137  9:07  Zerg Flyer Armor Level 1  
  137  9:09  Drone x2  
  139  9:10  Hatchery, Queen  
  139  9:11  Zergling x6  
  139  9:13  Baneling x6  
  139  9:15  Overlord  
  143  9:20  Mutalisk  
  141  9:28  Zergling x18  
  141  9:31  Drone  
  151  9:32  Extractor  
  151  9:36  Mutalisk  
  152  9:44  Drone x3  
  155  9:51  Zergling x14  
  162  9:57  Overlord  
  162  9:58  Zerg Melee Weapons Level 2, Zerg Ground Armor Level 2  
  162  10:00  Zergling x6  
  162  10:05  Mutalisk x3  
  171  10:08  Zergling x18  
  178  10:23  Zergling x16  
  186  10:28  Zergling x4  
  186  10:34  Mutalisk x4  
  196  10:48  Infestation Pit, Drone x2  
  196  10:49  Overlord  
  197  10:51  Overlord  
  197  10:56  Baneling  
  197  10:57  Baneling x9  
  197  11:00  Overlord  
  197  11:04  Spore Crawler  
  197  11:10  Zergling x6  
  199  11:11  Baneling x6  
  198  11:24  Baneling x5  
  198  11:26  Zergling x2  
  198  11:32  Zergling x2  
  200  11:36  Hive  
  199  11:58  Zergling x26  
  199  12:00  Zergling x30  
  183  12:04  Zergling x2  
  183  12:07  Zergling x6  
  165  12:14  Hatchery  
  165  12:15  Mutalisk x7  
  172  12:17  Overseer, Baneling x17  
  172  12:19  Zerg Flyer Weapons Level 2  
  172  12:20  Zergling x2  
  172  12:21  Zergling x12  
  172  12:22  Baneling x4  
  185  12:24  Hatchery  
  184  12:35  Zergling x14  
  191  12:38  Zergling x4  
  191  12:40  Zergling x8  
  191  12:41  Zergling x4  
  191  12:42  Baneling x4, Extractor  
  191  12:43  Baneling x9  
  198  12:48  Zergling x16  
  197  12:56  Zergling x4  
  199  13:02  Zergling x8  
  185  13:07  Zergling x8  
  185  13:11  Zergling x2  
  185  13:12  Zergling x12  
  169  13:14  Zerg Ground Armor Level 3  
  169  13:15  Zerg Melee Weapons Level 3  
  169  13:20  Mutalisk x2  
  169  13:23  Zergling x10  
  169  13:25  Baneling x6  
  178  13:29  Drone x5  
  178  13:31  Queen  
  185  13:36  Zergling x4  
  185  13:40  Drone  
  185  13:41  Drone x6  
  192  13:48  Baneling x7  
  194  13:49  Zergling x10  
  199  13:58  Zergling x2, Hatchery  
  199  13:59  Baneling x4  
  199  14:02  Adrenal Glands  
  197  14:13  Baneling x5  
  197  14:14  Baneling x11  
  186  14:25  Zergling x2  
  186  14:26  Zergling x26, Ultralisk Cavern  
  199  14:34  Zergling x2  
  200  14:41  Zerg Flyer Armor Level 2  
  179  15:07  Zergling x20  
  179  15:08  Zergling x28  
  179  15:11  Zergling x22  
  199  15:15  Baneling x14  
  199  15:19  Zergling x2  
  199  15:26  Zergling x2  
  199  15:27  Chitinous Plating  
  199  15:33  Baneling x8, Extractor  
  198  15:40  Overseer x3  
  198  15:41  Overseer  
  195  15:52  Zergling x8  
  179  15:59  Ultralisk  
  179  16:00  Ultralisk x3  
  179  16:01  Zergling x18  
  200  16:09  Zergling x6  
  196  16:12  Zergling x8  
  196  16:14  Baneling x8  
  196  16:15  Drone  
  193  16:26  Zergling x12  
  193  16:28  Baneling x16  
  193  16:31  Zergling x12  
  188  16:38  Zergling x38  
  181  16:43  Zergling x6  
  181  16:46  Anabolic Synthesis  
  179  16:50  Zergling x6  
  162  16:56  Ultralisk x3  
  162  16:59  Zergling x2  
  162  17:00  Zergling x8  
  181  17:04  Baneling x8  
  181  17:07  Zergling x12  
  187  17:13  Drone x2, Hatchery  
  187  17:14  Drone  
  187  17:18  Zergling x2  
  181  17:24  Hatchery  
  181  17:25  Zergling x12  
  166  17:31  Zergling x8  
  166  17:36  Zergling x2  
  161  17:39  Ultralisk x2, Zergling x2  
  161  17:42  Zergling x4  
  167  17:49  Mutalisk x2  
  171  17:52  Zergling x14  
  171  17:56  Baneling x5  
  177  17:59  Zergling x6  
  177  18:02  Zergling x2  
  177  18:03  Baneling x2  
  179  18:07  Zergling x2  
  179  18:08  Zergling x2  
  179  18:09  Baneling x6  
  181  18:16  Zergling x10  
  180  18:37  Zergling x2  
  180  18:38  Zergling x22  
  192  18:45  Zergling x14  
  192  18:47  Hatchery  
  189  19:01  Zergling x24  
  191  19:08  Zergling x12  
  182  19:20  Zergling x16  
  177  19:25  Zergling x10  
  151  19:36  Zergling x10  
  167  19:43  Zergling x8  
  167  19:44  Baneling x7  

Tags
 
Add a new tag
Caveats
  • Supply blocks, unpowered buildings, or Contaminate may cause inaccurate times.
  • Supply counts are checked every 10 seconds.